Map: Stasis LE

Players

Juxtapose

  • Race: Zerg Zerg
  • Spawn Location: 1:00

VOD

https://youtu.be/GX96pcE-Q7o

Description

It never ceases to amaze and amuse me that, against the Versus AI, I'm horrible with Zerg yet fantastic with Protoss, and on the Ladder Zerg is my best Race and Protoss is my worst.

The differences between AI and people.

Anyway, in this match, I was quite intimidated by that fast Colossus, and sat back to build up more, which was a mistake. I also should not have gone for Hydralisks, and should instead have used Swarm Hosts or Infestors.

Time

  • Played on: Dec. 19, 2018, 8:25 p.m.
  • Length: 19:21
Show
View Real Time Build Order
Export as new Build Order

Juxtapose Zerg 

Build Orders:  

Get SALT Encoding   

  12  0:03  Drone  
  13  0:14  Drone  
  14  0:26  Overlord  
  14  0:52  Drone x2  
  16  1:16  Drone  
  17  1:20  Hatchery  
  17  1:23  Extractor  
  17  1:27  Drone  
  16  1:46  Spawning Pool  
  15  1:51  Drone  
  16  2:02  Overlord  
  16  2:12  Drone  
  16  2:15  Drone  
  18  2:27  Drone  
  19  2:39  Drone  
  20  2:54  Drone  
  21  3:04  Queen  
  23  3:10  Queen  
  23  3:12  Drone  
  23  3:13  Drone  
  27  3:25  Zergling x4  
  23  3:40  Drone x2  
  31  3:52  Zergling x2  
  31  3:57  Zergling x2  
  33  4:10  Drone x2  
  33  4:14  Spore Crawler  
  34  4:20  Spore Crawler  
  34  4:23  Drone  
  34  4:27  Overlord  
  34  4:41  Drone x2  
  36  4:54  Queen  
  36  4:55  Drone  
  36  4:56  Drone  
  36  4:57  Drone x2  
  42  5:04  Roach Warren  
  41  5:11  Extractor  
  41  5:13  Drone x4  
  44  5:33  Overlord  
  44  5:34  Overlord  
  44  6:01  Lair, Queen  
  46  6:11  Roach x4  
  46  6:12  Roach x2  
  58  6:21  Extractor  
  58  6:27  Drone x3  
  60  6:34  Overlord x2  
  60  6:35  Overlord  
  60  7:09  Roach x5  
  70  7:10  Overlord  
  70  7:11  Overlord  
  70  7:13  Drone  
  70  7:14  Drone x2  
  70  7:19  Extractor  
  72  7:31  Hydralisk Den  
  72  7:37  Evolution Chamber  
  70  7:42  Roach x3  
  70  7:43  Roach x2  
  80  8:03  Overseer x2  
  80  8:07  Overseer  
  80  8:09  Roach x2  
  84  8:10  Roach  
  84  8:16  Overlord  
  89  8:40  Drone x2  
  89  8:41  Drone x4  
  95  9:10  Roach  
  95  9:11  Roach x5  
  95  9:15  Zerg Missile Weapons Level 1  
  107  9:51  Hatchery  
  107  9:56  Glial Reconstitution  
  106  10:22  Overlord  
  106  10:23  Overlord x2  
  106  10:25  Unknown  
  106  10:48  Metabolic Boost  
  106  10:58  Overlord x3  
  106  11:26  Hydralisk x6  
  106  11:27  Hydralisk x4  
  106  11:28  Hydralisk x2  
  130  11:41  Drone  
  130  11:45  Drone x2  
  133  11:50  Queen  
  135  12:00  Hydralisk x3  
  135  12:01  Roach x3  
  135  12:02  Roach  
  135  12:06  Overlord  
  149  12:40  Zerg Ground Armor Level 1  
  149  12:51  Evolution Chamber  
  148  13:01  Lurker Den  
  148  13:07  Hydralisk x2  
  148  13:08  Hydralisk x4  
  148  13:09  Drone x2  
  161  13:10  Drone  
  161  13:11  Overlord x2  
  162  13:34  Unknown  
  164  13:48  Drone  
  164  13:49  Drone x5  
  172  13:50  Drone, Overlord  
  172  13:51  Overlord x2  
  173  14:13  Spore Crawler  
  173  14:17  Roach x3  
  178  14:20  Hydralisk x2  
  178  14:24  Zerg Missile Weapons Level 2  
  142  14:48  Zergling x12  
  142  14:49  Zergling x8  
  90  14:50  Zergling x2  
  133  15:35  Hatchery  
  110  15:52  Hydralisk x4  
  110  15:53  Roach x2, Hydralisk x2  
  110  15:54  Roach x3  
  91  16:18  Roach  
  91  16:19  Roach x6  
  96  16:20  Roach  
  98  16:36  Extractor  
  98  16:39  Extractor  
  96  16:52  Roach x3  
  96  16:53  Roach x2  
  96  16:54  Hydralisk x2  
  110  17:02  Infestation Pit  
  109  17:20  Drone x4  
  109  17:21  Drone x2  
  109  17:22  Roach x5  
  109  17:23  Roach  
  127  17:32  Overseer  
  127  17:41  Queen  
  127  17:48  Drone  
  127  17:49  Drone x5  
  135  17:50  Drone  
  141  18:14  Drone  
  142  18:26  Roach x5  
  142  18:27  Roach, Hydralisk x3  
  142  18:28  Hydralisk  
  162  18:30  Zergling x4  
  162  18:31  Zergling x6  
Tags
 
Matchup
Co-op
Add a new tag
Caveats
  • Supply blocks, unpowered buildings, or Contaminate may cause inaccurate times.
  • Supply counts are checked every 10 seconds.